AoeStats
← BuRiB//TPXVII

Arabia

509998463Analyzed
3v3 RM · 4d ago on Sep 29, 2026· 32m 33s· 6 players
Game mode
Random Map
Map size
Normal (6 player)
Population
200
Speed
Normal
Resources
Standard
Victory
Conquest
Starting age
Dark Age
Ending age
Imperial Age
RankedLock teamsTeams togetherTeam positionsShared explorationLock speedFull tech treeHidden civsTurbo modeCheats
Victory
Defeat
🇧🇷 Sicilians · Brazil
815
+12
🇧🇷 Lithuanians · Brazil
783
+14
🇧🇷 Franks · Brazil
674
+18
🇺🇸 Franks · United States
770
-16
🇺🇸 Chinese · United States
726
-15
🇺🇸 Hindustanis · United States
699
-13
BuRiB//Boothey269
0:28 Loom
13:16 Feudal Age
14:57 Double-Bit Axe
21:13 Castle Age
19:06 Horse Collar
20:56 Bloodlines
21:29 Scale Barding Armor
22:34 Husbandry
23:06 Stone Mining
26:55 Bow Saw
27:51 Arson
28:06 Squires
32:20 Caravan
BuRiB//MaizerPhaser
6:23 Loom
12:04 Feudal Age
14:25 Double-Bit Axe
17:37 Castle Age
17:06 Wheelbarrow
16:21 Double-Bit Axe
16:27 Horse Collar
21:21 Bow Saw
22:54 Heavy Plow
23:15 Stone Mining
26:03 Scale Barding Armor
27:41 Chain Barding Armor
30:04 Fletching
BuRiB//TPXVII
10:35 Feudal Age
8:54 Loom
10:40 Feudal Age
14:54 Forging
14:53 Scale Barding Armor
23:46 Castle Age
24:00 Fletching
28:22 Iron Casting
joselitopereirajr
11:21 Feudal Age
11:31 Loom
15:55 Castle Age
16:07 Horse Collar
17:52 Wheelbarrow
21:21 Scale Barding Armor
21:27 Forging
21:40 Double-Bit Axe
22:51 Husbandry
26:03 Chain Barding Armor
27:14 Hand Cart
32:25 Heavy Plow
32:52 Bow Saw
Drakula Kill
7:45 Loom
11:37 Feudal Age
13:19 Double-Bit Axe
18:08 Forging
17:59 Scale Mail Armor
22:07 Horse Collar
Rênio Figueirêdo
11:01 Feudal Age
12:18 Double-Bit Axe
21:56 Castle Age
23:47 Husbandry
26:28 Gold Mining
27:01 Elite Skirmisher
28:06 Scale Barding Armor
30:57 Forging
Connection lost

Rejoining the realm…

Still unreachable

The connection could not be restored.

Session expired

The server has moved on; the page needs a fresh start.